[Event "85th Armenian Mens-ch 2024"]
[Site "Yerevan"]
[Date "2024.11.30"]
[Round "7.1"]
[White "Pogosyan, Stefan"]
[Black "Sargsyan, Sargis Vach."]
[Result "1/2-1/2"]
[ECO "D38"]
[WhiteElo "2407"]
[BlackElo "2321"]
[Annotator "TA"]
[PlyCount "38"]
[EventDate "2024.11.24"]
[EventCountry "ARM"]
[SourceTitle "playchess.com"]
[Source "ChessBase"]
[SourceQuality "1"]
[TimeControl "40/5400+30:1800+30"]

1. d4 Nf6 2. c4 e6 3. Nf3 d5 4. Nc3 Bb4 5. Qb3 c5 6. dxc5 Na6 7. a3 Bxc3+ 8. Qxc3 {[%emt 0:00:07] Threatens to win with b4.} Nxc5 9. cxd5 Qxd5 10. Be3 Nce4 {[%emt 0:00:51] A dynamic duo of knights.} 11. Qb4 a5 12. Qd4 O-O 13. g3 a4 14. Bg2 Qa5+ 15. Qb4 Qxb4+ 16. axb4 Nd5 17. Nd2 Nxd2 18. Bxd5 exd5 19. Kxd2 Bd7 1/2-1/2

[Event "85th Armenian Mens-ch 2024"]
[Site "Yerevan"]
[Date "2024.11.30"]
[Round "7.2"]
[White "Sukiasyan, Vahe A."]
[Black "Shahinyan, Vladimir"]
[Result "1-0"]
[ECO "E11"]
[WhiteElo "2368"]
[BlackElo "2161"]
[Annotator "TA"]
[PlyCount "91"]
[EventDate "2024.11.24"]
[EventCountry "ARM"]
[SourceTitle "playchess.com"]
[Source "ChessBase"]
[SourceQuality "1"]
[TimeControl "40/5400+30:1800+30"]

1. d4 Nf6 2. c4 e6 3. Nf3 d5 4. g3 Bb4+ 5. Bd2 Be7 6. Bg2 O-O 7. O-O c6 8. Qc2 b6 9. Nc3 Nbd7 10. b3 Ba6 11. e4 dxc4 12. Rfe1 Rc8 13. h4 h6 14. Nd1 c5 15. d5 $1 exd5 16. e5 $1 (16. exd5 Nxd5 17. bxc4 N5f6 $15) 16... Ne4 17. Ne3 {[%emt 0:07:05] [#]} (17. Bf4 $1 $11 {remains equal.}) 17... c3 $1 $17 18. Bc1 (18. Nxd5 Nxd2) 18... Bb7 19. Nf5 Re8 20. Bf4 (20. Bxh6 $17 gxh6 21. Nxh6+ Kf8 22. Qc1) 20... Nf8 (20... c4 $19 21. N3d4 Bf8) 21. Rad1 Qd7 $1 22. Bh3 {[%emt 0:07:06][%cal Of5h6] [#]} Qc6 $1 23. e6 {[%emt 0:01:36] Threatens to win with exf7+.} f6 24. Bxh6 Nxe6 $19 (24... gxh6 25. Qc1 Nd6 (25... Qxe6 $2 26. Nxh6+ Kg7 27. Bxe6 $18) (25... Nxe6 26. Qxh6 Bf8 27. Qg6+ Kh8 28. Qh5+ Kg8 29. Qg6+ Kh8 30. Rxe4 $11) 26. Qxh6 Nxf5 27. Bxf5 $11) 25. Bc1 Bf8 26. Bg2 g6 27. Ne3 Rcd8 (27... Qd6 $19 28. h5 d4 (28... gxh5 $2 29. Nf5 $19)) 28. h5 $2 d4 (28... gxh5 29. Nxd5 Rxd5 30. Qxe4 Rxd1 31. Qg6+ Ng7 32. Rxd1 $19) 29. Nc4 (29. Ng4 $142 Nc7 (29... gxh5 30. Nfe5 $17) 30. Nxd4 Rxd4 (30... cxd4 31. Bxe4 Rxe4 32. Qxe4 $17) 31. Rxe4 Rexe4 (31... Rxd1+ 32. Qxd1 f5 33. Nf6+ Qxf6 34. Rxe8 $15) 32. Bxe4 Rxe4 33. Qxe4 Qxe4 34. Nxf6+ Kh8 35. Nxe4 Bxe4 36. f3) 29... g5 (29... gxh5 $142 30. Nfe5 Qc7 (30... fxe5 $2 31. Nxe5 Qc7 32. Bxe4 $19) 31. Bxe4 fxe5 32. Nxe5 Bxe4 33. Qxe4 a5) 30. Nfe5 fxe5 31. Bxe4 {[%emt 0:00:49] [#]} d3 $2 32. Bxc6 (32. Bxd3 $2 Qh1#) ({But not} 32. Qxc3 Qxe4 33. Rxe4 Bxe4) ({White should try} 32. Rxd3 $16 Nd4 33. Qxc3 (33. Bxg5 $2 Qxe4 34. Rxe4 Nxc2 $19)) 32... dxc2 $14 33. Rxd8 Rxd8 $4 ({Better is} 33... Bxc6 $14 34. Rxe8 Bxe8 35. Rxe5 Bf7) 34. Bxb7 $18 Rd1 35. Kf1 $1 g4 36. Nxe5 Nd4 37. Bd5+ Kh7 38. Nxg4 c4 39. bxc4 a5 40. Ne5 Bh6 41. f4 a4 42. Nf3 Nb3 43. axb3 axb3 44. Be4+ Kg8 {[%emt 0:00:30] [#]} 45. Bxc2 $1 bxc2 46. Ke2 1-0

[Event "85th Armenian Mens-ch 2024"]
[Site "Yerevan"]
[Date "2024.11.30"]
[Round "7.3"]
[White "Hakobyan, Erik"]
[Black "Sahakyan, Aleks"]
[Result "1/2-1/2"]
[ECO "C11"]
[WhiteElo "2409"]
[BlackElo "2380"]
[Annotator "TA"]
[PlyCount "82"]
[EventDate "2024.11.24"]
[EventCountry "ARM"]
[SourceTitle "playchess.com"]
[Source "ChessBase"]
[SourceQuality "1"]
[TimeControl "40/5400+30:1800+30"]

1. e4 e6 2. d4 d5 3. Nc3 Nf6 4. e5 Nfd7 5. f4 c5 6. Nf3 Nc6 7. Be3 cxd4 8. Nxd4 Qb6 9. Qd2 Qxb2 10. Rb1 Qa3 11. Bb5 $1 Nxd4 12. Bxd4 a6 (12... Bb4 13. O-O a6 14. Rb3 Qa5) 13. Bxd7+ Bxd7 14. Rb3 Qe7 $1 (14... Qa5 $2 15. Bb6 $18 (15. Rxb7 Bb4 $17)) 15. Rxb7 Qd8 16. O-O Qc8 17. Rb3 Bc5 18. Rf2 O-O 19. f5 Bxd4 (19... exf5 $6 20. Nxd5 Kh8 21. Bxc5 Qxc5 22. Nb6 $16) 20. Qxd4 Qc4 21. Qd2 Qc7 22. f6 Qxe5 23. Nd1 Rfb8 (23... gxf6 $2 24. Qh6 $18) 24. Re3 $2 (24. Rg3 $1 $16 {[%cal Rg3g5] is necessary to keep the advantage.} Rb1 (24... g6 $2 25. Qh6 $18) 25. Rf1 (25. Rxg7+ Kh8 $18)) 24... Qd6 $1 $17 25. Rh3 {[%emt 0:03:51] [#]} Rb1 $1 $36 {[%emt 0:04:41][%mdl 2048] White is under strong pressure.} 26. Rf1 {[%emt 0:00:30] Black must now prevent Qg5.} e5 ({Better is} 26... Qc5+ $17 27. Kh1 Bb5) 27. Qg5 $1 $15 Qf8 $1 28. Rh4 {[%emt 0:02:49] [#]} (28. Rb3 $15 {should be considered.} h6 29. Qxe5 Rxb3 30. axb3) 28... g6 $1 $17 {[%emt 0:02:40] and ...Bb5 should not be overlooked} 29. Ne3 Rab8 (29... Rxf1+ $17 30. Kxf1 Bc6) 30. Qxe5 $11 Rxf1+ (30... Be6 {simplifies} 31. Rd4 h5 32. Nxd5 Bxd5 33. Rxd5 Rxf1+ 34. Kxf1 Qb4) 31. Kxf1 Re8 32. Qd4 (32. Qg5 $11 {keeps the balance.}) 32... Qa3 $17 33. Kf2 Bb5 (33... Qxa2 $6 34. Rxh7 Qa5 (34... Kxh7 35. Qh4+ Kg8 36. Qh6) 35. Rg7+ (35. Qxd5 Qxd5 36. Rg7+ Kh8 $11) 35... Kf8 36. Nxd5 (36. Qxd5 Qxd5 37. Nxd5 Re5 $11) 36... Qe1+ 37. Kf3 Qe2+ 38. Kg3 Qe5+ 39. Qxe5 Rxe5 40. c4 $11) 34. Rh3 ({White should try} 34. Rg4) 34... Qd6 (34... Qxa2 35. Rxh7 Qa4 (35... Kxh7 36. Qh4+ Kg8 37. Qh6) 36. Rg7+ (36. Qxd5 $2 Qf4+ 37. Qf3 Qxf3+ 38. Kxf3 Kxh7 $19) 36... Kh8 37. c4 $18 (37. Qxd5 $2 Qh4+ 38. g3 Qxf6+ 39. Qf3 Qxg7 $19) (37. Qxa4 Bxa4 38. Rxf7 d4 $14)) (34... Re6 $17 35. Rf3 Qxa2) 35. c4 $11 {[%emt 0:03:50] The board is on fire.} Re4 36. Qxd5 Qxd5 (36... Qxf6+ 37. Rf3 Qh4+ 38. g3 $16) (36... Rf4+ {seems wilder.} 37. Rf3 Rxf3+ 38. gxf3 Qxh2+ 39. Ke1 Qg3+) 37. cxd5 {[%emt 0:01:31] KRB-KRN. White is a pawn up.} Ra4 (37... h5 $11) 38. Nc2 $16 h5 39. a3 (39. Rc3 $14 Rf4+ 40. Ke3 Rxf6 41. h4) 39... Rc4 $11 40. Ne3 Rc3 41. Nd1 Rc2+ 1/2-1/2

[Event "85th Armenian Mens-ch 2024"]
[Site "Yerevan"]
[Date "2024.11.30"]
[Round "7.4"]
[White "Piliposyan, Robert"]
[Black "Babujian, Levon"]
[Result "1/2-1/2"]
[ECO "E51"]
[WhiteElo "2418"]
[BlackElo "2330"]
[Annotator "TA"]
[PlyCount "89"]
[EventDate "2024.11.24"]
[EventCountry "ARM"]
[SourceTitle "playchess.com"]
[Source "ChessBase"]
[SourceQuality "1"]
[TimeControl "40/5400+30:1800+30"]

1. d4 Nf6 2. c4 e6 3. Nc3 Bb4 4. e3 O-O 5. Bd2 d5 6. Nf3 Nbd7 7. cxd5 exd5 8. Qb3 {[%emt 0:00:08][%csl LRb4,LRd5] Prevents c6.} Bxc3 9. Bxc3 a5 10. Be2 b6 11. O-O Ba6 12. Bxa6 Rxa6 13. a4 c6 14. Qc2 Ne4 15. b3 Ra8 16. Bb2 Rc8 17. Ne5 Nxe5 18. dxe5 Qg5 19. Rae1 Qg6 20. Rc1 Rfe8 21. Bd4 c5 22. Bb2 c4 23. bxc4 Rxc4 24. Qd1 Qc6 25. Bd4 Nc5 (25... Qxa4 26. Qxa4 Rxa4 27. Rfe1 $11 (27. Bxb6 Nd2 $15)) 26. f4 Rxc1 ({Don't play} 26... Rxa4 27. Qf3 $11) (26... Nxa4 $17 {And now ...Nc3 would win.} 27. f5 Nc3 28. Rxc3 Rxc3) 27. Qxc1 $11 Qxa4 28. Bxc5 bxc5 29. Qxc5 $17 {[%emt 0:00:05][%mdl 4096] Endgame KQR-KQR} Qb3 30. Qxa5 Qxe3+ 31. Kh1 d4 32. Qe1 {[%emt 0:01:02] Prevents d3.} Qc3 33. Qxc3 dxc3 $11 {[%emt 0:00:36] KR-KR} 34. Rc1 Rc8 35. Kg1 h5 36. Kf2 Kh7 37. Ke3 Kg6 38. Kd3 Kf5 39. g3 g5 40. fxg5 Kxe5 41. Rxc3 Rxc3+ 42. Kxc3 Ke4 43. Kc4 Kf3 {[%emt 0:01:01] ( -> ...Kg2)} 44. Kd4 Kg4 45. Ke4 1/2-1/2

[Event "85th Armenian Mens-ch 2024"]
[Site "Yerevan"]
[Date "2024.11.30"]
[Round "7.5"]
[White "Gasparyan, Erik R."]
[Black "Agasarov, Benik"]
[Result "1/2-1/2"]
[ECO "C43"]
[WhiteElo "2371"]
[BlackElo "2410"]
[Annotator "TA"]
[PlyCount "69"]
[EventDate "2024.11.24"]
[EventCountry "ARM"]
[SourceTitle "playchess.com"]
[Source "ChessBase"]
[SourceQuality "1"]
[TimeControl "40/5400+30:1800+30"]

1. e4 e5 2. Nf3 Nf6 3. d4 Nxe4 4. dxe5 d5 5. Nbd2 Qd7 6. Bd3 Nc5 7. Be2 Ne6 8. Nf1 c5 9. Ng3 Nc6 10. O-O g6 11. c4 d4 12. Re1 Be7 13. Bh6 b6 14. a3 Bb7 15. Bd3 a5 16. Ne4 O-O-O $1 17. Neg5 Nxg5 (17... Bxg5 $1 $11 {remains equal.} 18. Bxg5 Nxg5 19. Nxg5 h6) 18. Nxg5 $16 Bf8 (18... Bxg5 $14 19. Bxg5 Rde8) 19. Bxf8 $18 Rdxf8 20. Qb3 ({Better is} 20. b4 $16 {aiming for bxc5.} axb4 21. axb4 Nxb4 22. Be4) 20... f6 (20... Qc7 $14) 21. e6 $36 {[%emt 0:02:28][%mdl 2048] Keeping Black busy.} Qc7 {[%emt 0:05:33] [#]} 22. e7 $1 {[%emt 0:00:29][%mdl 512] White has more active pieces.} Nxe7 (22... fxg5 23. exf8=N) 23. Ne6 Qd6 (23... Qc6 $2 24. Be4 (24. Nxf8 $2 Qxg2#) 24... Qd6 25. Nxf8 Rxf8 26. Qh3+ Nf5 27. Bxb7+ (27. Qxh7 Bxe4 28. Rxe4 Qd7 $18) (27. Bxf5+ gxf5 28. Qxh7 Qc6 $18) 27... Kxb7 28. Qxh7+ Qc7 29. Qxg6 $18) 24. Nxf8 Rxf8 25. Re2 {[%emt 0:01:45] Rae1 would now be deadly.} Qd8 $2 (25... Kb8 $16 26. Rae1 Nc8) 26. Rae1 Nc6 27. Be4 Ne5 28. Qh3+ Kb8 29. Bxb7 ({Don't take} 29. Qxh7 $6 Bxe4 30. Rxe4 Rh8 $16) 29... Kxb7 30. Qxh7+ Rf7 31. Qh4 {[%emt 0:00:01] And now Rxe5 would win.} Rd7 {[%emt 0:00:51] [#]} (31... Qc7 $16 {might work better.} 32. b3 a4) 32. Qe4+ (32. f4 $1 $18 {[%cal Rf4e5] is more deadly.} d3 33. Re4) 32... Ka7 33. f4 Nxc4 34. b4 (34. Qxg6 $16 {Threatens to win with Re8.} Ne3 (34... d3 $2 35. Re8 $18) 35. h3) 34... d3 $11 35. Qxc4 {[%emt 0:02:10] Weighted Error Value: White=0.25 (precise) /Black=0.27 (precise) .  Loses game:     	---       	Black=1      Mistake:       	White=3     	Black=4      Inaccurate:     	White=5     	Black=4      OK:         	White=10    	Black=7      Best:        	White=3     	Black=1      Strong:       	---       	Black=1} 1/2-1/2

[Event "85th Armenian Mens-ch 2024"]
[Site "Yerevan"]
[Date "2024.11.30"]
[Round "7.6"]
[White "Gharibyan, Mamikon"]
[Black "Davtyan, Arsen"]
[Result "1-0"]
[ECO "C54"]
[WhiteElo "2462"]
[BlackElo "2400"]
[Annotator "TA"]
[PlyCount "101"]
[EventDate "2024.11.24"]
[EventCountry "ARM"]
[SourceTitle "playchess.com"]
[Source "ChessBase"]
[SourceQuality "1"]
[TimeControl "40/5400+30:1800+30"]

1. e4 e5 2. Nf3 Nc6 3. Bc4 Bc5 4. c3 Nf6 5. d3 d6 6. O-O a5 7. Re1 O-O 8. Nbd2 Be6 9. Bb5 Qb8 10. h3 Qa7 11. Re2 a4 12. Nf1 h6 13. Ng3 Qa5 14. Bxc6 bxc6 15. c4 Rfe8 16. Rc2 Qa7 17. Nh4 d5 18. Qf3 dxe4 19. dxe4 Kh7 $1 20. Nhf5 Ng8 21. Nh5 g6 22. Nhg3 $1 Rad8 (22... gxf5 $6 23. exf5 e4 24. Nxe4 $14) (22... Red8 $5) 23. Bd2 (23. Kh2 $11 {remains equal.}) 23... Bf8 (23... gxf5 $17 24. exf5 Bxc4 25. Rxc4 Rxd2) 24. Ne3 $11 Rd3 25. Ngf1 Red8 26. Rac1 Qc5 27. Qe2 R3d7 28. Nd5 Bg7 (28... cxd5 $6 29. cxd5 Qe7 30. dxe6 Qxe6 31. Ba5 $16 (31. Rxc7 Qxa2 32. Rxd7 Rxd7 $16)) 29. b3 axb3 (29... cxd5 30. cxd5 Qe7 31. dxe6 Qxe6 32. bxa4 $16) 30. axb3 Qf8 (30... cxd5 $6 31. cxd5 Qe7 32. dxe6 Qxe6 33. b4 $16 (33. Rxc7 Qxb3 34. R7c4 Nf6 $11)) ({Black should play} 30... Qa3 $11) 31. Ba5 (31. Bb4 {simplifies} Qe8 32. Ba5 cxd5 33. cxd5 Bxd5 34. exd5 Ne7 35. Bxc7 Ra8 36. Bxe5 Nxd5 37. Bxg7 Qxe2 38. Rxe2 Kxg7 39. Rd2) 31... Rc8 (31... cxd5 32. cxd5 Nf6 33. dxe6 $18) 32. b4 f5 33. b5 cxd5 34. cxd5 Bf7 35. Bxc7 Nf6 36. b6 Nxe4 37. b7 Rb8 $1 38. Rb2 {[%emt 0:01:07] [#]} (38. Bxb8 $2 Qxb8 39. Qe1 (39. f3 $2 Nd6 $19) 39... Qxb7 $19 (39... Rxb7 $2 40. Rc8 $19)) (38. Qb5 $1 $11 Qe7 (38... Rxd5 39. Qb6 $16) 39. Qb6 (39. Bxb8 Rxb7 40. d6 Rxb5 $11) 39... Rxb7 40. Qxb7) 38... Nd6 $1 $17 39. Bxb8 Qxb8 40. Qa6 Rxb7 $2 (40... Nxb7 41. Qc6 Be8 (41... Rxd5 $2 42. Rxb7 Qf8 43. Qa6 $18) 42. Rcb1 $11) (40... Bxd5 $17 {stays on course.} 41. Rd1 (41. Qa4 $2 Rxb7 42. Re2 e4 $19) 41... e4 (41... Bxb7 42. Rxb7 Qxb7 43. Qxb7 $17) (41... Nxb7 42. Qb5 $16) 42. Rxd5 Bxb2) 41. Rxb7 $16 Nxb7 42. Qb6 Qd8 43. Qxb7 Bxd5 44. Qa7 Qf6 ({Not} 44... Bxg2 $2 45. Rc7 $18) 45. Rc7 h5 46. h4 f4 (46... Kh6 $142 47. Nd2 e4) 47. Qc5 $18 Bg8 $2 (47... Qd8 {is more resistant.} 48. Qa7 Qf6) 48. Nd2 $18 Kh8 49. Ne4 Qxh4 50. Qd6 f3 51. Qxg6 1-0